 Dungeon Crawl Stone Soup version 0.30-a0-140-gd1020e658a (webtiles) character file.

Game seed: 17026584256381656241

143 qw the Chopper (level 5, -3/32 HPs)
             Began as a Gargoyle Fighter on Sept 24, 2022.
             Was an Initiate of Okawaru.
             Slain by a gnoll
             ... wielding a +0 spear
             ... led by a gnoll bouda
              (5 damage)
             ... on level 4 of the Dungeon.
             The game lasted 00:00:51 (2916 turns).

qw the Chopper (Gargoyle Fighter)                   Turns: 2916, Time: 00:00:51

Health: -3/32      AC: 16    Str: 25    XL:     5   Next: 25%
Magic:  5/5        EV:  9    Int:  8    God:    Okawaru [......]
Gold:   172        SH:  4    Dex:  8    Spells: 4/4 levels left

rFire   . . .      SeeInvis .    Y - +0 war axe
rCold   . . .      Faith    .    c - +0 buckler
rNeg    + . .      Spirit   .    b - +0 scale mail
rPois   inf        Reflect  .    g - +2 hat
rElec   +          Harm     .    (no cloak)
rCorr   .          Rampage  .    (no gloves)
Will    .....                    e - +0 pair of boots
Stlth   ..........               (no amulet)
HPRegen 0.10/turn                (no ring)
MPRegen 0.09/turn                (no ring)

@: no status effects
A: sickness immunity, AC +4, negative energy resistance 1, electricity
resistance, torment resistance 1, petrification resistance, beak, iridescent
scales 1, strong 1, MP-powered wands
a: Renounce Religion


You were on level 4 of the Dungeon.
You worshipped Okawaru.
Okawaru was noncommittal.
You visited 1 branch of the dungeon, and saw 4 of its levels.

You collected 172 gold pieces.


Innate Abilities, Weirdness & Mutations

You are immune to sickness and miasma.
Your stone body is resilient. (AC +4)
You are immune to poison.
You resist negative energy. (rN+)
You are resistant to electric shocks. (rElec)
You are resistant to unholy torment.
You are immune to petrification.
You have a beak for a mouth.
You are partially covered in iridescent scales. (AC +2)
Your muscles are strong. (Str +4, Int/Dex -1)
You expend magic power (3 MP) to strengthen your wands.


   Skills:
 - Level 3.2 Fighting
 + Level 4.8 Axes
 - Level 3.2 Armour
 - Level 3.2 Shields


You had 4 spell levels left.
You didn't know any spells.
Your spell library was empty.

Inventory:

Hand Weapons
 i - a +0 flail
 Y - a +0 war axe (weapon)
Missiles
 p - 2 boomerangs (quivered)
Armour
 b - a +0 scale mail (worn)
 c - a +0 buckler (worn)
 e - a +0 pair of boots (worn)
 g - a +2 hat (worn)
Scrolls
 m - a scroll of identify
Potions
 a - a potion of lignification
 d - 2 potions of might
 f - a potion of mutation
 h - a potion of haste
 j - a potion of attraction
 k - a potion of degeneration {unknown}
 l - 2 potions of cancellation
 n - 3 potions of curing
 r - a potion of flight {unknown}

Dungeon Overview and Level Annotations

Branches:
Dungeon (4/15)
 Temple: D:4-7

Altars:
Okawaru
Sif Muna
Xom


Message History

You hit the gnoll bouda.
You kill the gnoll bouda!
Okawaru accepts your kill.
The gnoll hits you but does no damage. x2
You have reached level 5!
You closely miss the gnoll. You block the gnoll's attack.
The gnoll closely misses you.
You completely miss the gnoll.
The gnoll is no longer moving quickly.
You block the gnoll's attack. x3
You slash the gnoll!
The gnoll is heavily wounded.
The gnoll hits you but does no damage. You block the gnoll's attack.
You hit the gnoll.
The gnoll is severely wounded.
The gnoll hits you with a +0 flail.
A goblin comes into view. It is wielding a +0 dagger.
The gnoll closely misses you. You block the gnoll's attack.
The goblin shouts!
You hit the gnoll.
You kill the gnoll!
Okawaru accepts your kill.
The gnoll hits you but does no damage. x2
You hit the gnoll.
The gnoll is lightly wounded.
Your attacks no longer feel as feeble.
The gnoll hits you but does no damage. The gnoll hits you with a +0 flail.
The gnoll hits you from afar with a +0 spear.
You completely miss the gnoll.
The gnoll is lightly wounded.
A gnoll comes into view. It is wielding a +0 flail.
The gnoll hits you with a +0 flail. The gnoll hits you but does no damage.
The gnoll shouts!
You slash the gnoll!
The gnoll is severely wounded.
The gnoll barely misses you. The gnoll closely misses you.
The gnoll barely misses you.
You closely miss the gnoll.
The gnoll is severely wounded.
The gnoll hits you from afar with a +0 spear.
You die...

#.# #.# .?. #.#
#.# #.# ####.####
#<.)....#
#@##.##.#
#g##.##.#
#gg..##.#
#..####.#
#).####.#
#g......#
.######.######.#
.............gg#.
.#######.#####..#


You could see 3 gnolls and a goblin.

Vanquished Creatures
  A gnoll bouda (D:4)
  4 gnolls
  An adder (D:3)
  An ufetubus (D:4)
  A dart slug (D:1)
  4 orcs (D:3)
  6 ball pythons
  7 bats
  6 endoplasms
  A giant cockroach (D:1)
  8 goblins
  6 hobgoblins
  2 quokkas
  3 frilled lizards
  3 kobolds
54 creatures vanquished.

Vanquished Creatures (others)
  4 toadstools (D:1)
4 creatures vanquished.

Grand Total: 58 creatures vanquished

Notes
Turn   | Place    | Note
-------+----------+-------------------------------------------
     0 | D:1      | qw the Gargoyle Fighter began the quest for the Orb.
     0 | D:1      | Reached XP level 1. HP: 14/14 MP: 1/1
     0 | D:1      | 0 ||| qw: Version: 0.1.0-9-gbc19398
     0 | D:1      | 0 ||| qw: Game counter: 16
     0 | D:1      | 0 ||| qw: Always use a shield: true
     0 | D:1      | 0 ||| qw: God list: Okawaru
     0 | D:1      | 0 ||| qw: Allow faded altars: false
     0 | D:1      | 0 ||| qw: Do Orc after D:15 true
     0 | D:1      | 0 ||| qw: Do second Lair branch before Depths: true
     0 | D:1      | 0 ||| qw: Lair rune preference: random
     0 | D:1      | 0 ||| qw: Plans: Normal, Zot:1-4, God:TSO, Crypt, Tomb,
                  | Pan, Slime:5, Hells, Abyss, Orb
     0 | D:1      | 0 ||| PLANNING D:1-11
    22 | D:1      | Reached skill level 2 in Axes
   152 | D:1      | Reached XP level 2. HP: 12/19 MP: 2/2
   628 | D:1      | Reached skill level 3 in Axes
   980 | D:1      | Reached XP level 3. HP: 23/23 MP: 3/3
  1138 | D:1      | 1138 ||| UPGRADING to +0 pair of boots.
  1143 | D:1      | 1143 ||| UPGRADING to +2 hat.
  1148 | D:1      | 1148 ||| READING scroll labelled EFOUSO VEGOLEW.
  1153 | D:1      | 1153 ||| READING scroll labelled DEVAIS RIMNUDICS.
  1154 | D:1      | 1154 ||| READING scroll labelled SEUSCH WOSUEFAI.
  1155 | D:1      | 1155 ||| READING scroll labelled OLIOMN NOASYVI.
  1156 | D:1      | 1156 ||| DRINKING 2 inky potions.
  1156 | D:1      | Gained mutation: You are partially covered in iridescent
                  | scales. (AC +2) [potion of mutation]
  1156 | D:1      | Gained mutation: You expend magic power (3 MP) to
                  | strengthen your wands. [potion of mutation]
  1156 | D:1      | Gained mutation: Your muscles are strong. (Str +4, Int/Dex
                  | -1) [potion of mutation]
  1156 | D:1      | Gained mutation: You have a beak for a mouth. [potion of
                  | mutation]
  1406 | D:2      | Reached XP level 4. HP: 27/28 MP: 4/4
  1503 | D:2      | 1503 ||| Stepping ~*~*~tactically~*~*~ (stealth).
  1504 | D:2      | 1504 ||| Stepping ~*~*~tactically~*~*~ (stealth).
  1505 | D:2      | 1505 ||| Stepping ~*~*~tactically~*~*~ (stealth).
  1506 | D:2      | 1506 ||| Stepping ~*~*~tactically~*~*~ (stealth).
  1508 | D:2      | 1508 ||| Stepping ~*~*~tactically~*~*~ (stealth).
  1641 | D:2      | 1641 ||| Stepping ~*~*~tactically~*~*~ (stealth).
  1919 | D:2      | 1919 ||| DROPPING orb of guile.
  1920 | D:2      | 1920 ||| DROPPING ring of flight.
  1921 | D:2      | 1921 ||| READING scroll labelled BOSSUO BIURAE.
  1922 | D:2      | 1922 ||| READING scroll labelled EXOONUS ECLIAX.
  1923 | D:2      | 1923 ||| DRINKING 3 murky emerald potions.
  1924 | D:2      | 1924 ||| READING 2 scrolls of identify.
  1924 | D:2      | 1924 ||| IDENTIFYING brown potion
  1957 | D:3      | Reached skill level 4 in Axes
  2056 | D:3      | 2056 ||| DROPPING +1 antimagic mace.
  2085 | D:3      | 2085 ||| Stepping ~*~*~tactically~*~*~ (stealth).
  2088 | D:3      | 2088 ||| Stepping ~*~*~tactically~*~*~ (stealth).
  2169 | D:3      | Found an iron altar of Okawaru.
  2174 | D:3      | Found a shimmering blue altar of Sif Muna.
  2174 | D:3      | Found a shimmering altar of Xom.
  2263 | D:3      | 2263 ||| Stepping ~*~*~tactically~*~*~ (stealth).
  2264 | D:3      | 2264 ||| Stepping ~*~*~tactically~*~*~ (stealth).
  2292 | D:3      | 2292 ||| Stepping ~*~*~tactically~*~*~ (stealth).
  2704 | D:3      | 2704 ||| READING scroll labelled KESCHIX ULUF.
  2705 | D:3      | 2705 ||| READING scroll labelled QIASMU JEFRO.
  2706 | D:3      | 2706 ||| DRINKING 4 smoky puce potions.
  2707 | D:3      | 2707 ||| READING 3 scrolls of identify.
  2707 | D:3      | 2707 ||| IDENTIFYING murky yellow potion
  2708 | D:3      | 2708 ||| READING 2 scrolls of identify.
  2708 | D:3      | 2708 ||| IDENTIFYING pink potion
  2747 | D:3      | Became a worshipper of Warmaster Okawaru
  2783 | D:4      | 2783 ||| FLEEEEING.
  2784 | D:4      | 2784 ||| FLEEEEING.
  2788 | D:4      | 2788 ||| FLEEEEING.
  2789 | D:4      | 2789 ||| FLEEEEING.
  2791 | D:4      | 2791 ||| FLEEEEING.
  2792 | D:4      | 2792 ||| FLEEEEING.
  2793 | D:4      | 2793 ||| FLEEEEING.
  2794 | D:4      | 2794 ||| FLEEEEING.
  2795 | D:4      | 2795 ||| FLEEEEING.
  2796 | D:4      | 2796 ||| STAIRDANCE
  2908 | D:4      | Reached XP level 5. HP: 14/32 MP: 5/5
  2913 | D:4      | HP: 8/32 [gnoll/+0 spear[a gnoll bouda] (2)]
  2914 | D:4      | HP: 2/32 [gnoll/+0 flail[a gnoll bouda] (6)]
  2916 | D:4      | Slain by a gnoll

Levels and vault maps discovered:
D:1:      ldierk_walled_garden_2, layout_basic, minmay_tromino_v4_a
D:2:      layout_loops_ring
D:3:      layout_basic, grunt_temple_overflow_open, kennysheep_cross_bottleneck,
          kennysheep_decorative_pillar
D:4:      minmay_evil_eye, layout_loops_cross, minmay_temple_entry_poolview,
          uniq_eustachio

Skill      XL: |  1  2  3  4 |
---------------+-------------+-----
Axes           | 2 3 4 |  4.8
Fighting       | |  3.2
Armour         | |  3.2
Shields        | |  3.2

Action                   |  1- 3 |  4- 6 || total
-------------------------+-------+-------++-------
Melee: War axe           |    61 |    67 ||   128
       Peck              |       |     6 ||     6
Throw: Boomerang         |       |    10 ||    10
  Use: Scroll            |     4 |     7 ||    11
       Potion            |     1 |     2 ||     3
Armor: Scale mail        |    31 |    43 ||    74
Dodge: Dodged            |    17 |    27 ||    44
Block: Buckler           |     5 |    18 ||    23

Table legend:
 A = Non-vault XP
 B = Vault XP
 C = Vault XP percentage of total XP
 D = Non-vault monster count
 E = Vault monster count
 F = Vault count percentage of total count
                 A         B        C        D         E       F
            +---------+---------+-------+---------+---------+-------
      Total |     201 |       4 |   2.0 |      51 |       3 |   5.6
            +---------+---------+-------+---------+---------+-------
        D:1 |      33 |       4 |  10.8 |      16 |       3 |  15.8
        D:2 |      61 |       0 |   0.0 |      14 |       0 |   0.0
        D:3 |      44 |       0 |   0.0 |      18 |       0 |   0.0
        D:4 |      63 |       0 |   0.0 |       3 |       0 |   0.0
            +---------+---------+-------+---------+---------+-------
